 Dungeon Crawl Stone Soup version 0.29.1 (webtiles) character file.

Game seed: 9603188656378694601

144 sleeves the Slasher (level 5, -6/41 HPs)
             Began as a Barachi Delver on Sept 12, 2022.
             Mangled by Duvessa
             ... wielding a +3 short sword
              (12 damage)
             ... on level 4 of the Dungeon.
             The game lasted 00:06:09 (3879 turns).

sleeves the Slasher (Barachi Delver)                Turns: 3879, Time: 00:06:10

Health: -6/41      AC:  3    Str: 10 (13) XL:     5   Next: 27%
Magic:  5/5        EV: 11    Int: 10 (12) God:
Gold:   166        SH:  3    Dex: 11 (14) Spells: 4/4 levels left

rFire   . . .      SeeInvis .   a - +0 falchion
rCold   . . .      Faith    .   q - +0 buckler
rNeg    . . .      Spirit   .   b - +0 leather armour
rPois   .          Reflect  .   (no helmet)
rElec   .          Harm     .   (no cloak)
rCorr   +          Rampage  .   (no gloves)
Will    .....                   (no boots)
Stlth   ++........              (no amulet)
HPRegen 0.13/turn               l - ring of resist corrosion
MPRegen 0.09/turn               (no ring)

@: attractive, flying, slow
A: amphibious, slowness 1, strong legs 1, +LOS
a: Hop


You were on level 4 of the Dungeon.
You visited 1 branch of the dungeon, and saw 5 of its levels.

You collected 166 gold pieces.

Inventory:

Hand Weapons
 a - a +0 falchion (weapon)
Armour
 b - a +0 leather armour (worn)
 q - a +0 buckler (worn)
   (You took it off a hobgoblin on level 2 of the Dungeon)
 r - the +0 robe of the Centipede {rF- rC+++ rN+}
   (You found it on level 3 of the Dungeon)

   rF:        It makes you vulnerable to fire.
   rC:        It renders you almost immune to cold.
   rN:        It protects you from negative energy.
Jewellery
 l - a ring of resist corrosion (left hand)
   (You found it on level 2 of the Dungeon)
Wands
 g - a wand of digging (3)
Scrolls
 c - a scroll of fog
 d - a scroll of magic mapping
 e - a scroll of brand weapon
 f - 2 scrolls of identify
 h - a scroll of immolation {unknown}
 i - a scroll of teleportation
 m - a scroll of vulnerability {unknown}
Potions
 j - a potion of might {unknown}
 n - a potion of heal wounds {unknown}
 s - a potion of curing {unknown}


   Skills:
 - Level 3.6 Fighting
 + Level 6.4 Long Blades
 - Level 2.1 Dodging
 - Level 4.5 Stealth


You had 4 spell levels left.
You didn't know any spells.
Your spell library was empty.

Dungeon Overview and Level Annotations

Branches:
Dungeon (5/15)
 Temple: D:4-7

Altars:

Shops:
D:1 !   D:2 [

Annotations:
D:3 exclusion: downstairs
D:4 exclusions: black bear and upstairs, Dowan, Duvessa


Innate Abilities, Weirdness & Mutations

You are amphibious.
You cover ground slowly.
You can hop short distances.
You have an extended range of vision and can be seen from far away.


Message History

You can access your shopping list by pressing '$'.
You now have 43 gold pieces (gained 12).
You now have 54 gold pieces (gained 11).
You open the door.
An endoplasm comes into view.
The endoplasm quivers.
An endoplasm is nearby!
An endoplasm is nearby!
There is an open door here.
The endoplasm freezes you.
You are frozen.
You hit the endoplasm.
The endoplasm is lightly wounded.
The endoplasm freezes you.
You are frozen.
You hit the endoplasm.
You kill the endoplasm!
No target in view!
No target in view!
No target in view!
No target in view!
No target in view!
No target in view!
No target in view!
f - 3 scrolls labelled JUOGEDWIUM (gained 1)
Found a club.
You see here a +0 club.
You open the door.
There is an open door here.
Found a stone staircase leading down.
h - a scroll labelled WUOTAX SICEWEE
Found a staircase leading out of the dungeon.
Found 6 stones.
i - a scroll labelled ITACZA VUNEOZU SINT A frilled lizard comes into view.
A frilled lizard is nearby!
A frilled lizard is nearby!
The frilled lizard hisses angrily.
The frilled lizard hisses.
You see here 6 stones.
You miss the frilled lizard. The frilled lizard bites you.
You closely miss the frilled lizard.
The frilled lizard bites you but does no damage.
You barely miss the frilled lizard.
The frilled lizard bites you but does no damage.
You hit the frilled lizard.
You kill the frilled lizard!
No target in view!
No target in view!
No target in view!
No target in view!
No target in view!
No target in view!
No target in view!
No target in view!
i - 2 scrolls labelled ITACZA VUNEOZU SINT (gained 1)
An endoplasm comes into view.
You see here 13 gold pieces.
An endoplasm is nearby!
An endoplasm is nearby!
You now have enough gold to buy a potion of heal wounds on this level.
You can access your shopping list by pressing '$'.
You now have 67 gold pieces (gained 13).
Found a sedimented amethyst potion.
The endoplasm hits you.
You hit the endoplasm.
The endoplasm is moderately wounded.
The endoplasm barely misses you.
You hit the endoplasm.
You kill the endoplasm!
No target in view!
No target in view!
No target in view!
No target in view!
No target in view!
No target in view!
No target in view!
No target in view!
No target in view!
No target in view!
No target in view!
No target in view!
No target in view!
No target in view!
No target in view!
j - a sedimented amethyst potion You open the door.
There is an open door here.
k - a fizzy dark potion You now have 78 gold pieces (gained 11).
You see here 6 stones.
You now have 90 gold pieces (gained 12).
As you open the door, it creaks loudly!
There is an open door here.
There is an open door here.
A dart slug comes into view.
The helpless dart slug fails to defend itself.
You hit the dart slug.
The dart slug is heavily wounded.
The dart slug closely misses you.
You hit the dart slug but do no damage.
The dart slug is heavily wounded.
You hit the dart slug.
The dart slug is almost dead.
The dart slug launches a dart at you. The slug dart hits you.
You hit the dart slug.
You kill the dart slug!
No target in view!
No target in view!
No target in view!
Done exploring.
Done exploring.
Done exploring.
No target in view!
(D) Dungeon
Where to? (Enter - D:1, ? - help)
There is a stone staircase leading down here.
You climb downwards.
There is a stone staircase leading up here.
Unknown command.
A rat comes into view.
A rat is nearby!
A rat is nearby!
The rat closely misses you.
You hit the rat.
The rat is moderately wounded.
The rat bites you but does no damage.
You barely miss the rat.
The rat is moderately wounded.
The rat barely misses you.
You barely miss the rat.
The rat is moderately wounded.
The rat barely misses you.
You completely miss the rat.
The rat is moderately wounded.
The rat bites you.
You hit the rat.
You kill the rat!
HP restored.
A kobold comes into view. It is wielding a +0 short sword.
A kobold is nearby!
A kobold is nearby!
The helpless kobold fails to defend itself.
You hit the kobold.
You kill the kobold!
No target in view!
No target in view!
No target in view!
No target in view!
No target in view!
No target in view!
No target in view!
You see here a +0 short sword.
Found a stone staircase leading down.
There is a stone staircase leading down here.
An endoplasm comes into view.
An endoplasm is nearby!
The helpless endoplasm fails to defend itself.
You slash the endoplasm!
You kill the endoplasm!
No target in view!
No target in view!
No target in view!
No target in view!
No target in view!
No target in view!
No target in view!
No target in view!
No target in view!
A rat comes into view.
Found a steel ring.
A rat is nearby!
A rat is nearby!
The helpless rat fails to defend itself.
You slash the rat!
You kill the rat!
No target in view!
No target in view!
No target in view!
No target in view!
No target in view!
No target in view!
No target in view!
l - a ring of resist corrosion
l - a ring of resist corrosion (left hand)
You open the door.
There is an open door here.
You open the door.
Found an escape hatch in the ceiling.
Found a stone staircase leading down.
There is an open door here.
You open the door.
There is an open door here.
You open the door.
There is an open door here.
You open the door.
There is an open door here.
You open the door.
A dart slug comes into view.
The dart slug launches a dart at you. The slug dart hits you.
A dart slug is nearby!
The dart slug launches a dart at you. The slug dart hits you.
There is an open door here.
The dart slug misses you.
You hit the dart slug.
The dart slug is heavily wounded.
The dart slug closely misses you.
You hit the dart slug.
The dart slug is heavily wounded.
You slash the dart slug!
You kill the dart slug!
No target in view!
No target in view!
No target in view!
No target in view!
No target in view!
No target in view!
No target in view!
An adder comes into view.
An adder is nearby!
An adder is nearby!
There is an open door here.
You close the door.
You see here a dart slug corpse.
You start resting.
HP restored.
There is an open door here.
There is an open door here.
You open the door.
There is an open door here.
You close the door.
There is a dry fountain here.
You open the door.
There is an open door here.
You open the door.
There is an open door here.
You open the door.
There is an open door here.
There is a dry fountain here.
You open the door.
There is an open door here.
Found 16 gold pieces.
You now have 106 gold pieces (gained 16).
You open the door.
There is an open door here.
You open the door.
There is an open door here.
You open the door.
There is an open door here.
You open the door.
There is an open door here.
You open the door.
There is an open door here.
There is an open door here.
You open the door.
There is an open door here.
You open the door.
There is an open door here.
You open the door.
There is an open door here.
There is an open door here.
You open the door.
There is an open door here.
There is an open door here.
You open the door.
There is an open door here.
An endoplasm comes into view.
An endoplasm is nearby!
An endoplasm is nearby!
The helpless endoplasm fails to defend itself.
You slash the endoplasm!
You kill the endoplasm!
No target in view!
No target in view!
No target in view!
No target in view!
No target in view!
No target in view!
No target in view!
No target in view!
No target in view!
No target in view!
No target in view!
You open the door.
There is an open door here.
There is a stone staircase leading down here.
Found an escape hatch in the floor.
You open the door.
There is an open door here.
You open the door.
There is an open door here.
Found a faded altar of an unknown god.
You open the door.
An adder comes into view.
You close the door.
As you open the door, it creaks loudly!
Found a scroll labelled FASOFANUNO and 10 gold pieces.
There is an open door here.
m - a scroll labelled FASOFANUNO You now have 116 gold pieces (gained 10).
A rat comes into view.
A rat is nearby!
The rat bites you.
You hit the rat.
You kill the rat!
No target in view!
No target in view!
No target in view!
No target in view!
No target in view!
HP restored.
You open the door.
A rat comes into view.
There are monsters nearby!
There are monsters nearby!
You close the door.
(D) Dungeon
Where to? (Enter - D:2, ? - help)
There is an open door here.
There is an open door here.
There is an open door here.
There is a stone staircase leading down here.
You climb downwards.
There is a stone staircase leading up here.
Found 3 stones.
A rat and a goblin come into view.
The goblin moves out of view.
A rat is nearby!
The rat closely misses you.
You see here 3 stones.
You closely miss the rat. The rat bites you.
You hit the rat.
You kill the rat!
The goblin hits you with a +0 dagger.
You hit the goblin.
The goblin is heavily wounded.
The goblin closely misses you.
You hit the goblin.
You kill the goblin!
No target in view!
No target in view!
No target in view!
No target in view!
No target in view!
HP restored.
A dart slug and a quokka come into view.
The dart slug launches a dart at you. The slug dart hits you.
You see here a rat corpse.
There are monsters nearby!
There are monsters nearby!
There are monsters nearby!
Things that are here:
a +0 dagger; a goblin corpse You start resting.
A dart slug is nearby!
The dart slug launches a dart at you. The slug dart hits you.
You barely miss the dart slug. The dart slug closely misses you.
You hit the dart slug.
The dart slug is moderately wounded.
You hit the dart slug.
The dart slug is almost dead.
The dart slug bites you but does no damage.
You hit the dart slug.
You kill the dart slug!
The quokka barely misses you.
You barely miss the quokka.
The quokka bites you but does no damage.
You slash the quokka!
You kill the quokka!
No target in view!
No target in view!
No target in view!
No target in view!
No target in view!
No target in view!
No target in view!
No target in view!
No target in view!
No target in view!
No target in view!
No target in view!
No target in view!
No target in view!
HP restored.
A rat comes into view.
Found a flail and a ruby potion.
A rat is nearby!
Found a leather armour.
You see here a +0 flail.
A rat and a bat come into view.
Found 4 stones.
The helpless bat fails to defend itself.
You hit the bat.
The bat is moderately wounded.
The bat hits you but does no damage.
You slash the bat!
You kill the bat!
No target in view!
No target in view!
No target in view!
No target in view!
n - a ruby potion A hobgoblin comes into view.
The hobgoblin shouts!
You hit the hobgoblin.
You kill the hobgoblin!
Your Long Blades skill increases to level 5!
No target in view!
No target in view!
No target in view!
No target in view!
No target in view!
No target in view!
No target in view!
You see here a hobgoblin corpse.
An adder and a ball python come into view.
There are monsters nearby!
There are monsters nearby!
You slash the adder!
The adder is almost dead.
The ball python hisses angrily.
The adder bites you.
You slash the adder!
You kill the adder!
The ball python closely misses you. The ball python barely misses you.
You have reached level 4!
You feel agile.
You hit the ball python.
You kill the ball python!
No target in view!
No target in view!
You now have 128 gold pieces (gained 12).
Found a spear.
You now have 142 gold pieces (gained 14).
Found a stone staircase leading down.
Found a ring mail.
An orc comes into view. It is wielding a +0 club.
The orc shouts!
You hit the orc.
The orc is almost dead.
The orc hits you with a +0 club.
You closely miss the orc.
The orc is almost dead.
The orc completely misses you. The orc hits you but does no damage.
You closely miss the orc. You punch the orc.
You kill the orc!
No target in view!
No target in view!
No target in view!
No target in view!
You see here a +0 club.
o - a black potion A ball python comes into view.
A ball python is nearby!
The ball python hisses angrily.
You hit the ball python.
You kill the ball python!
No target in view!
No target in view!
No target in view!
No target in view!
No target in view!
Found a stone staircase leading up.
There is a stone staircase leading up here.
You now have enough gold to buy a shiny helmet on D:2.
You can access your shopping list by pressing '$'.
You now have 158 gold pieces (gained 16).
There is a stone staircase leading down here.
There is an escape hatch in the ceiling here.
Found a flail.
(D) Dungeon
Where to? (Enter - D:3, ? - help)
There is an escape hatch in the ceiling here.
There is a stone staircase leading up here.
You climb upwards.
There is a stone staircase leading down here.
Found a stone staircase leading up.
You see here a +0 short sword.
Found a club.
Found a leather armour.
There is an open door here.
A giant cockroach and a goblin come into view.
There are monsters nearby!
There are monsters nearby!
There is an open door here.
The giant cockroach bites you but does no damage.
The giant cockroach misses you.
You hit the giant cockroach.
The giant cockroach is moderately wounded.
The giant cockroach closely misses you.
The goblin shouts!
You hit the giant cockroach but do no damage.
The giant cockroach is moderately wounded.
The goblin hits you with a +0 club. The giant cockroach misses you.
You completely miss the giant cockroach.
The giant cockroach is moderately wounded.
The goblin hits you with a +0 club. The giant cockroach barely misses you.
You barely miss the giant cockroach.
The giant cockroach is moderately wounded.
The goblin closely misses you. The giant cockroach barely misses you.
The giant cockroach closely misses you. The goblin hits you but does no damage.
You hit the giant cockroach.
The giant cockroach is heavily wounded.
The giant cockroach bites you but does no damage.
The goblin hits you but does no damage.
You barely miss the giant cockroach.
The giant cockroach is heavily wounded.
The giant cockroach bites you. The goblin closely misses you.
You hit the giant cockroach but do no damage.
The giant cockroach is heavily wounded.
The giant cockroach misses you. The goblin closely misses you.
You hit the giant cockroach.
You kill the giant cockroach!
The goblin hits you with a +0 club.
You completely miss the goblin. The goblin hits you with a +0 club.
You closely miss the goblin. The goblin closely misses you.
You hit the goblin.
The goblin is severely wounded.
The goblin hits you with a +0 club.
You are too injured to fight recklessly!
You are too injured to fight recklessly!
You are too injured to fight recklessly!
You are too injured to fight recklessly!
You are too injured to fight recklessly!
You are too injured to fight recklessly!
You are too injured to fight recklessly!
You are too injured to fight recklessly!
You are too injured to fight recklessly!
You are too injured to fight recklessly!
You are too injured to fight recklessly!
You are too injured to fight recklessly!
You are too injured to fight recklessly!
You are too injured to fight recklessly!
You are too injured to fight recklessly!
You are too injured to fight recklessly!
You are too injured to fight recklessly!
You are too injured to fight recklessly!
You are too injured to fight recklessly!
You are too injured to fight recklessly!
You are too injured to fight recklessly!
You are too injured to fight recklessly!
Unknown command.
A goblin is nearby!
You hit the goblin.
You kill the goblin!
You see here a +0 club.
HP restored.
There is an open door here.
There is an open door here.
There is an open door here.
You open the door.
There is an open door here.
There is an open door here.
Key pressed, stopping explore.
There is an open door here.
There is an open door here.
You open the door.
There is an open door here.
There is an open door here.
There is an open door here.
There is an open door here.
There is an open door here.
There is an open door here.
You open the door.
There are monsters nearby!
There are monsters nearby!
There are monsters nearby!
There is an open door here.
The adder hisses angrily.
The adder closely misses you. x2
You hit the adder.
The adder is heavily wounded.
The adder bites you but does no damage. The rat barely misses you.
You slash the adder!
You kill the adder!
The rat completely misses you.
You hit the rat.
The rat is heavily wounded.
The rat bites you but does no damage.
You closely miss the rat.
The rat is heavily wounded.
The rat closely misses you.
You closely miss the rat.
The rat is heavily wounded.
The rat bites you.
You barely miss the rat.
The rat is heavily wounded.
The rat barely misses you.
You hit the rat.
You kill the rat!
No target in view!
(D) Dungeon
Where to? (Enter - D:2, ? - help)
You open the door.
There is an open door here.
There is an open door here.
There is a stone staircase leading up here.
You climb upwards.
There is a stone staircase leading down here.
Done exploring.
Done exploring.
Done exploring.
Done exploring.
You climb downwards.
There is a stone staircase leading up here.
There is an open door here.
A bat comes into view.
A bat is nearby!
A bat is nearby!
A bat is nearby!
There is an escape hatch in the floor here.
The bat hits you but does no damage. x2
You closely miss the bat. The bat closely misses you.
You closely miss the bat. The bat hits you but does no damage.
The bat closely misses you.
You hit the bat.
The bat is severely wounded.
The bat completely misses you. The bat hits you but does no damage.
You hit the bat.
You kill the bat!
No target in view!
No target in view!
No target in view!
You see here a bat corpse.
You open the door.
There is an open door here.
There is an open door here.
There is a faded altar of an unknown god here.
There is an open door here.
There is an open door here.
There is an open door here.
A hobgoblin comes into view.
A hobgoblin is nearby!
A hobgoblin is nearby!
A hobgoblin is nearby!
The hobgoblin blocks your attack. The hobgoblin closely misses you.
You hit the hobgoblin.
The hobgoblin is almost dead.
The hobgoblin hits you.
You closely miss the hobgoblin.
The hobgoblin is almost dead.
The hobgoblin hits you.
You hit the hobgoblin but do no damage.
The hobgoblin is almost dead.
The hobgoblin barely misses you.
You hit the hobgoblin but do no damage.
The hobgoblin is almost dead.
The hobgoblin barely misses you.
You closely miss the hobgoblin.
The hobgoblin is almost dead.
The hobgoblin hits you.
You hit the hobgoblin.
You kill the hobgoblin!
No target in view!
p - a fizzy sapphire potion You see here a +0 buckler.
q - a +0 buckler You start putting on your armour.
You continue putting on your +0 buckler. x4
You finish putting on your +0 buckler.
HP restored.
There is an open door here.
You see here a +0 leather armour.
You see here a +0 leather armour.
Done exploring.
Done exploring.
Done exploring.
(D) Dungeon
Where to? (Enter - D:1, ? - help)
There is a stone staircase leading down here.
You climb downwards.
There is a stone staircase leading up here.
A rat is nearby!
A rat is nearby!
The rat closely misses you.
You slash the rat!
You kill the rat!
No target in view!
No target in view!
No target in view!
No target in view!
No target in view!
No target in view!
You see here 4 stones.
A hobgoblin comes into view. It is wielding a +0 short sword.
The hobgoblin shouts!
Found a silken robe.
A hobgoblin is nearby!
A hobgoblin is nearby!
The hobgoblin hits you with a +0 short sword. x2
You barely miss the hobgoblin. The hobgoblin closely misses you.
You completely miss the hobgoblin.
The hobgoblin hits you with a +0 short sword.
You hit the hobgoblin.
The hobgoblin is moderately wounded.
The hobgoblin hits you with a +0 short sword.
A dart slug comes into view.
You hit the hobgoblin but do no damage.
The hobgoblin is moderately wounded.
The hobgoblin hits you with a +0 short sword.
You are too injured to fight recklessly!
You are too injured to fight recklessly!
You are too injured to fight recklessly!
You are too injured to fight recklessly!
You are too injured to fight recklessly!
You are too injured to fight recklessly!
You are too injured to fight recklessly!
You are too injured to fight recklessly!
You are too injured to fight recklessly!
You are too injured to fight recklessly!
You are too injured to fight recklessly!
You are too injured to fight recklessly!
You closely miss the hobgoblin.
The hobgoblin is moderately wounded.
The dart slug bites you but does no damage.
The hobgoblin hits you with a +0 short sword.
* * * LOW HITPOINT WARNING * * *
You hit the hobgoblin but do no damage.
The hobgoblin is moderately wounded.
The hobgoblin closely misses you. The dart slug launches a dart at you.
The slug dart hits you.
* * * LOW HITPOINT WARNING * * *
You hit the hobgoblin but do no damage.
The hobgoblin is moderately wounded.
The hobgoblin hits you with a +0 short sword.
* * * LOW HITPOINT WARNING * * *
The dart slug closely misses you. The hobgoblin attacks as you move away!
The hobgoblin hits you with a +0 short sword.
* * * LOW HITPOINT WARNING * * *
The dart slug launches a dart at you. The slug dart hits you.
* * * LOW HITPOINT WARNING * * *
Hop to where?
Press: ? - help, Dir - move target Boing!
You hit the hobgoblin.
You kill the hobgoblin!
Okay, then.
The dart slug launches a dart at you. The slug dart misses you.
You start resting.
A dart slug is nearby!
The dart slug bites you.
* * * LOW HITPOINT WARNING * * *
You hit the dart slug.
The dart slug is severely wounded.
You block the dart slug's attack.
You hit the dart slug.
The dart slug is severely wounded.
You block the dart slug's attack.
You barely miss the dart slug.
The dart slug is severely wounded.
You slash the dart slug!
You kill the dart slug!
You start resting.
You are ready to hop once more.
You see here a dart slug corpse.
You start resting.
A giant cockroach comes into view.
Things that are here:
a +0 short sword; a hobgoblin corpse You barely miss the giant cockroach.
The giant cockroach barely misses you.
The giant cockroach bites you but does no damage.
You barely miss the giant cockroach. The giant cockroach closely misses you.
You hit the giant cockroach.
You kill the giant cockroach!
You start resting.
HP restored.
You see here the +0 robe of the Centipede {rF- rC+++ rN+}.
r - the +0 robe of the Centipede {rF- rC+++ rN+}
Found a club.
A dart slug comes into view.
Found 6 poisoned darts.
A dart slug is nearby!
The helpless dart slug fails to defend itself.
You hit the dart slug.
The dart slug is moderately wounded.
You hit the dart slug but do no damage.
The dart slug is moderately wounded.
The dart slug bites you.
You slash the dart slug!
You kill the dart slug!
No target in view!
No target in view!
No target in view!
You see here 6 poisoned darts.
Found a stone staircase leading down.
s - a lumpy emerald potion A giant cockroach comes into view.
Found an escape hatch in the floor.
The helpless giant cockroach fails to defend itself.
You slash the giant cockroach!
You kill the giant cockroach!
No target in view!
No target in view!
No target in view!
No target in view!
No target in view!
No target in view!
No target in view!
No target in view!
No target in view!
No target in view!
Okay, then.
Unknown command.
Unknown command.
Unknown command.
There is an escape hatch in the floor here.
You now have 166 gold pieces (gained 8).
You see here a +0 spear.
There is a stone staircase leading down here.
Done exploring.
Done exploring.
Done exploring.
Done exploring.
(D) Dungeon
Where to? (Enter - D:3, ? - help)
There is a stone staircase leading down here.
You climb downwards.
There is a stone staircase leading up here.
A ball python is nearby!
The helpless ball python fails to defend itself.
You hit the ball python.
The ball python is severely wounded.
The ball python bites you but does no damage.
The ball python grabs you. The ball python constricts you.
You hit the ball python.
You kill the ball python!
No target in view!
No target in view!
No target in view!
No target in view!
A black bear comes into view.
A black bear is nearby!
A black bear is nearby!
There is a stone staircase leading up here.
You climb upwards.
There is a stone staircase leading down here.
There is a stone staircase leading down here.
You climb downwards.
Level annotation: exclusion: black bear The black bear growls angrily.
Found a scroll labelled WUOTAX SICEWEE.
There is a stone staircase leading up here.
There are monsters nearby!
This staircase is marked as excluded!
Enter next level anyway?
You climb upwards.
There is a stone staircase leading down here.
Unknown command.
You see here a +0 ring mail.
You see here a +0 club.
There is a stone staircase leading down here.
You climb downwards.
Level annotation: exclusions: black bear and upstairs
There is a stone staircase leading up here.
Dowan, Brother of Duvessa comes into view.
He is wielding a +0 dagger.
Dowan is nearby!
Dowan is nearby!
There is a stone staircase leading down here.
You climb downwards.
The howler monkey hits you.
The orc wizard casts a spell.
The orc wizard flickers and vanishes!
Deactivating autopickup; reactivate with Ctrl-A.
There is a stone staircase leading up here.
The howler monkey hoots and howls with incredible vigour!
The howler monkey barely misses you.
The orc priest shouts!
You hear an angry hiss.
You hear a shout! x4
You climb upwards.
Level annotation: exclusions: black bear and upstairs, Dowan Reactivating autopickup.
There is a stone staircase leading down here.
You hit the howler monkey.
The howler monkey is lightly wounded.
The howler monkey barely misses you.
You hit the howler monkey.
The howler monkey is moderately wounded.
The howler monkey closely misses you.
You barely miss the howler monkey.
The howler monkey is moderately wounded.
The howler monkey hits you but does no damage.
You closely miss the howler monkey.
The howler monkey is moderately wounded.
The howler monkey hoots and howls with incredible vigour!
You block the howler monkey's attack.
You hear a shout! x2
You hit the howler monkey.
The howler monkey is heavily wounded.
The howler monkey closely misses you.
You slash the howler monkey!
You kill the howler monkey!
Your Long Blades skill increases to level 6!
You have reached level 5!
HP restored.
A giant cockroach comes into view.
The giant cockroach moves out of view.
Found a sling.
Found a stone.
A giant cockroach is nearby!
A giant cockroach is nearby!
A giant cockroach is nearby!
A giant cockroach is nearby!
A giant cockroach is nearby!
A giant cockroach is nearby!
A giant cockroach is nearby!
A giant cockroach is nearby!
A kobold comes into view. It is wielding a +0 short sword.
An adder comes into view.
The kobold shouts!
The kobold hits you with a +0 short sword.
You miss the kobold.
The kobold hits you with a +0 short sword.
You hit the kobold.
The kobold is severely wounded.
The kobold barely misses you.
You hit the kobold.
You kill the kobold!
The adder hisses angrily.
The adder closely misses you.
You hit the adder but do no damage. The adder bites you.
You hit the adder.
The adder is lightly wounded.
The adder bites you. x2
You closely miss the adder. The adder misses you.
You hit the adder.
The adder is severely wounded.
The adder barely misses you.
You hit the adder.
The adder is almost dead.
The adder bites you but does no damage.
You hit the adder.
You kill the adder!
No target in view!
You start resting.
A giant cockroach is nearby!
You start resting.
A necrophage is nearby!
A dart slug comes into view.
You start waiting.
Dowan is nearby!
Found 10 gold pieces.
Okay, then.
Okay, then.
The helpless dart slug fails to defend itself.
You slash the dart slug!
You kill the dart slug!
You see here a dart slug corpse.
An orc comes into view. It is wielding a +0 flail.
Found 3 poisoned darts. 2 orcs come into view.
The orc shouts!
Duvessa, Sister of Dowan comes into view.
She is wielding a +3 short sword, wearing a +4 ring mail of positive energy and carrying a wand of quicksilver (6).
Duvessa moves out of view.
Duvessa shouts!
You hear a shout!
Hop to where?
Press: ? - help, Dir - move target
Okay, then.
Okay, then.
As you read the scroll labelled JUOGEDWIUM, it crumbles to dust.
It is a scroll of identify.
e - a scroll of brand weapon
As you read the scroll labelled ITACZA VUNEOZU SINT, it crumbles to dust.
You feel strangely unstable.
It was a scroll of teleportation.
You closely miss Duvessa.
Dowan smirks and points a slender finger.
An orc comes into view. It is wielding a +0 hand axe.
The orc shouts!
You hit Duvessa but do no damage.
Duvessa zaps a wand.
The bolt of dispelling energy hits you!
You feel strangely stable.
You hit Duvessa but do no damage. Duvessa closely misses you.
You slash Duvessa!
Duvessa is moderately wounded.
You block Duvessa's attack. Duvessa hits you with a +3 short sword!
* * * LOW HITPOINT WARNING * * *
You hit Duvessa but do no damage.
Duvessa is moderately wounded.
An adder comes into view.
Duvessa barely misses you.
Okay, then.
It was a potion of attraction.
You feel attractive to monsters. Duvessa hits you with a +3 short sword.
* * * LOW HITPOINT WARNING * * *
The orc is attracted toward you. The adder is attracted toward you.
It was a potion of flight.
You feel very buoyant.
You fly up into the air.
Duvessa closely misses you. The orc is attracted toward you.
It was a potion of degeneration.
There was something very wrong with that liquid.
You feel weakened.
You feel dopey.
You feel clumsy. Duvessa hits you with a +3 short sword!
You die...

##.##.....##.......##...
#§...........#.#.#......
#..#.#...#.#.#...#.#.#..
#....#§#.#...........#†#
#....§.....##.....##....
#....oo#...............#
##...oe#....#.###.#....#
##.Soe#...............#
#####@...##.....##....
##.#........)..#.#
###.#.#...#.#.#..
###.#.#.#......
#.......##### #########


You could see Duvessa, Dowan, an adder and 4 orcs.

Vanquished Creatures
  A howler monkey (D:4)
  4 adders
  6 dart slugs
  An orc (D:3)
  6 ball pythons
  6 endoplasms
  5 giant cockroaches
  4 goblins
  7 hobgoblins
  A quokka (D:3)
  4 bats
  2 frilled lizards
  3 kobolds
  8 rats
58 creatures vanquished.

Notes
Turn   | Place    | Note
-------+----------+-------------------------------------------
     0 | D:5      | sleeves the Barachi Delver began the quest for the Orb.
     0 | D:5      | Reached XP level 1. HP: 18/18 MP: 1/1
     0 | D:5      | Noticed an orc wizard
     3 | D:5      | Noticed a howler monkey
     5 | D:5      | Noticed an orc priest
   125 | D:2      | Reached skill level 3 in Long Blades
   215 | D:2      | Reached XP level 2. HP: 23/24 MP: 2/2
   228 | D:2      | Found Kiliwn's Antique Armour Shoppe.
   271 | D:2      | HP: 11/24 [poisoned by an adder]
   276 | D:2      | HP: 6/24 [poisoned by an adder]
   411 | D:2      | HP: 12/24 [poisoned by an adder]
   416 | D:2      | HP: 9/24 [poisoned by an adder]
   660 | D:2      | Reached skill level 4 in Long Blades
   689 | D:1      | Reached XP level 3. HP: 26/29 MP: 3/3
   734 | D:1      | Found Putadwill's Distillery.
  1771 | D:2      | Found a faded altar of an unknown god.
  2087 | D:3      | Reached skill level 5 in Long Blades
  2110 | D:3      | Reached XP level 4. HP: 33/36 MP: 4/4
  3138 | D:3      | HP: 17/36 [hobgoblin/+0 short sword (2)]
  3152 | D:3      | HP: 8/36 [dart slug (2)]
  3384 | D:3      | Identified the +0 robe of the Centipede {rF- rC+++ rN+}
  3580 | D:4      | Noticed a black bear
  3596 | D:4      | Noticed a necrophage
  3664 | D:4      | Noticed Dowan
  3688 | D:4      | Reached skill level 6 in Long Blades
  3688 | D:4      | Reached XP level 5. HP: 40/41 MP: 5/5
  3860 | D:4      | Noticed Duvessa
  3875 | D:4      | HP: 11/41 [Duvessa/+3 short sword (14)]
  3879 | D:4      | Mangled by Duvessa

Illustrated notes

Levels and vault maps discovered:
D:1:      ebering_trefoil_3fold, layout_basic, serial_shops, shop_fountains,
          minivault_19
D:2:      layout_basic, basic_ecumenical_altar, serial_shops,
          nicolae_shop_advertising_works [nicolae_subvault_shop_adworks],
          nicolae_hexahallways, hangedman_abyss_or_decor_stabs,
          kennysheep_generic_room_9
D:3:      layout_loops_ring
D:4:      nicolae_cairo_tiling_large_dashed, layout_rooms,
          grunt_gozag_breadcrumbs, serial_shops, shop,
          minmay_increasing_density, uniq_duvessa
D:5:      layout_rooms, uniq_pikel

Skill      XL: |  1  2  3  4 |
---------------+-------------+-----
Long Blades    | 3 4 5 6 |  6.4
Fighting       | |  3.6
Dodging        | |  2.1
Stealth        | |  4.5

Action                   |  1- 3 |  4- 6 || total
-------------------------+-------+-------++-------
Melee: Falchion          |   118 |    78 ||   196
       Punch             |     1 |     1 ||     2
 Abil: Hop               |     1 |     1 ||     2
  Use: Potion            |     1 |     3 ||     4
       Scroll            |     1 |     2 ||     3
 Stab: Sleeping          |     8 |     4 ||    12
Armor: Leather armour    |    27 |    16 ||    43
Dodge: Dodged            |    55 |    42 ||    97
Block: Buckler           |       |     4 ||     4
